AoeStats
← shutianchen

Black Forest

510561252Analyzed
4v4 RM · 9h ago on Oct 1, 2026· 46m 51s· 8 players
Game mode
Random Map
Map size
Large (8 player)
Population
200
Speed
Normal
Resources
Standard
Victory
Conquest
Starting age
Dark Age
Ending age
Imperial Age
RankedLock teamsTeams togetherTeam positionsShared explorationLock speedFull tech treeHidden civsTurbo modeCheats
Victory
Defeat
🇹🇼 Khmer · Taiwan
973
+14
🇮🇩 Jurchens · Indonesia
942
+15
🇧🇷 Hindustanis · Brazil
888
+17
🇨🇱 Celts · Chile
855
+18
🇹🇼 Lithuanians · Taiwan
920
-16
🇮🇹 Chinese · Italy
917
-16
🇳🇱 Spanish · Netherlands
910
-16
🇹🇷 Wu · Türkiye
908
-16
squeezecheese21
2:58 Loom
14:16 Feudal Age
15:34 Wheelbarrow
14:41 Horse Collar
14:47 Double-Bit Axe
15:08 Stone Mining
15:15 Town Watch
16:22 Gold Mining
19:44 Fishing Lines
26:03 Castle Age
27:42 Bow Saw
28:36 Gillnets
32:03 Imperial Age
29:44 Pikeman
31:35 Forging
31:25 Scale Mail Armor
31:16 Fletching
31:26 Padded Archer Armor
31:36 Squires
32:47 Fletching
32:59 Padded Archer Armor
33:49 Bodkin Arrow
34:28 Conscription
35:08 Hand Cart
35:57 Chemistry
35:28 Leather Archer Armor
36:34 Gold Shaft Mining
36:42 Stone Shaft Mining
37:27 Two-Man Saw
36:42 Bracer
37:38 Elite Fire Archer
39:27 Ballistics
40:53 Masonry
40:51 Scale Mail Armor
mncrl
12:20 Feudal Age
13:11 Loom
15:53 Castle Age
14:54 Horse Collar
15:00 Double-Bit Axe
16:15 Loom
17:48 Town Watch
26:26 Gold Mining
30:36 Imperial Age
28:44 Wheelbarrow
28:25 Stone Mining
28:48 Heavy Plow
29:05 Bow Saw
30:51 Fletching
31:35 Ballistics
31:12 Murder Holes
31:19 Padded Archer Armor
32:24 Hand Cart
32:05 Bodkin Arrow
33:16 Chemistry
32:38 Leather Archer Armor
33:15 Stone Shaft Mining
33:17 Gold Shaft Mining
33:56 Two-Man Saw
33:10 Thumb Ring
33:26 Bracer
32:50 Elite Fire Lancer
33:31 Scale Mail Armor
33:41 Forging
34:50 Ring Archer Armor
34:24 Murder Holes
34:53 Chain Mail Armor
34:43 Squires
34:28 Arson
38:46 Plate Mail Armor
38:51 Iron Casting
41:09 Pikeman
43:42 Blast Furnace
43:22 Halberdier
vrienden0
0:29 Loom
11:22 Feudal Age
11:49 Double-Bit Axe
11:50 Horse Collar
15:10 Wheelbarrow
15:00 Gold Mining
18:08 Stone Mining
20:44 Castle Age
19:36 Forging
19:16 Fletching
20:09 Arson
20:39 Scale Barding Armor
20:31 Fishing Lines
21:17 Bloodlines
22:33 Heavy Plow
24:03 Bow Saw
25:23 Elite Skirmisher
26:04 Husbandry
26:25 Fervor
28:21 Hand Cart
28:30 Pikeman
29:10 Squires
28:56 Gambesons
33:39 Imperial Age
31:14 Gillnets
31:50 Man-at-Arms
32:52 Light Cavalry
33:39 Thumb Ring
33:04 Long Swordsman
34:29 Iron Casting
33:49 Bodkin Arrow
33:56 Scale Mail Armor
33:56 Padded Archer Armor
34:19 Chain Barding Armor
34:48 Ballistics
35:28 Chemistry
35:26 Hoardings
34:34 Capped Ram
35:37 Masonry
36:35 Blast Furnace
35:28 Cavalier
35:30 Halberdier
36:22 Onager
37:25 Leather Archer Armor
37:10 Town Watch
38:11 Stone Shaft Mining
37:27 Two-Handed Swordsman
巧克力布丁
10:55 Loom
13:30 Feudal Age
18:25 Castle Age
16:24 Double-Bit Axe
17:01 Horse Collar
17:47 Stone Mining
19:49 Bow Saw
22:43 Forging
22:39 Scale Barding Armor
23:17 Gold Mining
24:05 Wheelbarrow
25:29 Hand Cart
31:25 Imperial Age
29:10 Husbandry
29:22 Bloodlines
29:29 Bloodlines
31:15 Caravan
31:37 Cavalier
33:08 Conscription
33:28 Hoardings
35:32 Iron Casting
35:12 Heavy Plow
35:51 Masonry
35:48 Murder Holes
36:55 Paladin
40:13 Chain Barding Armor
TILONXO
1:33 Loom
11:17 Feudal Age
16:43 Double-Bit Axe
19:49 Castle Age
18:59 Horse Collar
24:46 Bow Saw
27:19 Wheelbarrow
27:10 Gold Mining
29:35 Fervor
31:15 Hand Cart
33:34 Imperial Age
33:00 Forging
32:50 Scale Mail Armor
32:55 Stone Mining
34:34 Hand Cart
34:00 Pikeman
34:26 Gambesons
34:27 Arson
36:24 Chemistry
38:18 Gold Shaft Mining
37:09 Onager
37:45 Heated Shot
38:12 Chain Mail Armor
37:58 Padded Archer Armor
38:03 Scale Barding Armor
38:46 Conscription
39:09 Iron Casting
38:25 Fletching
40:52 Murder Holes
41:03 Siege Engineers
41:25 Bodkin Arrow
41:45 Leather Archer Armor
42:31 Blast Furnace
42:01 Plate Mail Armor
41:35 Elite Woad Raider
42:50 Hoardings
42:58 Heavy Plow
43:37 Stone Shaft Mining
42:44 Heavy Scorpion
43:35 Town Watch
44:37 Ballistics
44:28 Masonry
45:17 Ring Archer Armor
45:08 Chain Barding Armor
Pilgrim
3:12 Loom
11:44 Feudal Age
12:13 Double-Bit Axe
14:57 Fletching
15:07 Fletching
15:33 Horse Collar
15:56 Gold Mining
17:19 Wheelbarrow
20:01 Castle Age
18:52 Stone Mining
21:54 Bow Saw
22:46 Heavy Plow
25:21 Hand Cart
32:00 Imperial Age
29:43 Forging
29:38 Scale Barding Armor
30:54 Bodkin Arrow
31:26 Caravan
32:31 Fortified Wall
34:38 Masonry
35:39 Chemistry
39:14 Heavy Camel Rider
40:08 Onager
41:44 Bracer
42:23 Iron Casting
42:08 Chain Barding Armor
44:57 Imperial Camel Rider
46:41 Blast Furnace
46:16 Plate Barding Armor
shutianchen
12:00 Feudal Age
14:59 Castle Age
14:13 Horse Collar
14:21 Double-Bit Axe
14:29 Gold Mining
14:30 Stone Mining
25:03 Wheelbarrow
29:38 Imperial Age
27:34 Hand Cart
28:21 Stone Shaft Mining
28:21 Gold Shaft Mining
29:10 Caravan
30:06 Elite Ballista Elephant
30:47 Double Crossbow
31:57 Chemistry
31:34 Ballistics
32:15 Heavy Plow
32:31 Bow Saw
34:45 Siege Engineers
ddmgsxis89228
1:19 Loom
11:19 Feudal Age
18:16 Castle Age
18:07 Double-Bit Axe
22:14 Fishing Lines
23:34 Bow Saw
25:09 Gillnets
27:39 Horse Collar
30:05 Wheelbarrow
29:15 Town Watch
29:49 Gold Mining
29:49 Stone Mining
30:07 Heavy Plow
30:12 Caravan
31:06 Hand Cart
34:15 Imperial Age
32:28 Town Patrol
33:10 Forging
33:06 Scale Barding Armor
34:16 Bloodlines
34:07 Husbandry
35:08 Gold Shaft Mining
35:09 Stone Shaft Mining
35:28 Conscription
34:35 Elite Steppe Lancer
34:59 Heavy Rocket Cart
36:44 Iron Casting
36:30 Chain Barding Armor
37:32 Crop Rotation
38:06 Two-Man Saw
38:40 Blast Furnace
39:01 Plate Barding Armor
Connection lost

Rejoining the realm…

Still unreachable

The connection could not be restored.

Session expired

The server has moved on; the page needs a fresh start.